Workbook
Name ann_paid: IF(AnnuityEstimator!$F$23="Beginning of Year",TRUE,FALSE)
Name ann_paid_graph: IF(Graphs!$E$22="Beginning of Year",TRUE,FALSE)
Name Balance: IF(ann_paid=TRUE,OFFSET(Calc!$R$6,2,0,Calc!$Q$3,1),OFFSET(Calc!$R$6,2,0,Calc!$Q$3,1))
Name FP: AnnuityEstimator!$F$25
Name Inf_Rate: AnnuityEstimator!$F$19
Name Ini_cap: AnnuityEstimator!$F$9
Name Ini_cap_graph: Graphs!$E$8
Name Interest: IF(ann_paid=TRUE,OFFSET(Calc!$N$6,1,0,Calc!$Q$3),OFFSET(Calc!$N$6,2,0,Calc!$Q$3))
Name int_Cap: Graphs!$B$7
Name int_Cap: PaymentSchedule!$B$6
Name Net_paid: IF(ann_paid=TRUE,OFFSET(Calc!$Q$6,1,0,Calc!$Q$3),OFFSET(Calc!$Q$6,2,0,Calc!$Q$3))
Name PayFreq: AnnuityEstimator!$F$22
Name Payment: IF(ann_paid=TRUE,1,0)
Name PaySchedule: Calc!$K$6:$S$488
Name Rate: IF(AnnuityEstimator!$F$11="Variable",TRUE,FALSE)

Sheet AnnuityEstimator
C2: ANNUITY CALCULATOR TEMPLATE
C3: DASHBOARD
C7: Initial Age: | F7: 40
C8: Years To Pay Out: | F8: 10
C9: Initial Capital (Principal): | F9: 5000
C11: Interest Rate: | F11: Variable
C13: Min Rate: | F13: 0.03
C14: Max Rate: | F14: 0.07
C16: Estimated Average Rate per Period: | F16: =IF(F17>0,AVERAGE(OFFSET(Calc!M6,1,0,Calc!Q3,1)),"") -> 0.044543585
C17: Annual Interest Rate: | F17: 0.06
C19: Inflation Rate: | F19: 0.03
C20: Earned Interest TAX: | F20: 0.2
C22: Payment Frequency: | F22: Annually
C23: Annuity Payment Term: | F23: Beginning of Year
C25: Initial Payment: | F25: =IFERROR(PMT((1+Calc!M7)/(1+Calc!L4)-1,Calc!L3,-(Ini_cap+(Calc!N7-Calc!O7)),,Payment),"") -> 537.82382
C26: First Payment: | F26: =IF(ann_paid=TRUE,F25,Calc!P8) -> 537.82382
C27: Last Payment: | F27: =IFERROR(IF(INDEX(Calc!$P$7:$P$488,IF(ann_paid=TRUE,Calc!$L$3,Calc!$L$3+1))=0,"",IF(Rate=FALSE,INDEX(Calc!$P$7:$P$488,IF(ann_paid=TRUE,Calc!$L$3,Calc!$L$3+1)),INDEX(Calc!$P$7:$P$488,IF(ann_paid=TRUE,Calc!$L$3,Calc!$L$3+1))+INDEX(Calc!$Q$7:$Q$488,IF(ann_paid=TRUE,Calc!$L$3,Calc!$L$3+1)))),"") -> 1477.0637

Sheet PaymentSchedule
C2: ANNUITY CALCULATOR TEMPLATE
C3: PAYMENT SCHEDULE
C6: Period | D6: Age | E6: Interest Rate | F6: Interest | G6: Tax | H6: Payment | I6: Net Payment | J6: Balance | K6: Cumulative Interest
C7: =IFERROR(Calc!K7,"") -> 0 | D7: =IFERROR(IF(LEN(C7)>0,Calc!L7,""),"") -> 40 | E7: =IFERROR(IF(LEN(C7)>0,Calc!M7,""),"") -> 0.047086969 | F7: =IFERROR(IF(LEN(C7)>0,Calc!N7,""),"") -> 0 | G7: =IFERROR(IF(LEN(C7)>0,Calc!O7,""),"") -> 0 | H7: =IFERROR(IF(LEN(C7)>0,Calc!P7,""),"") -> 537.82382 | I7: =IFERROR(IF(LEN(C7)>0,Calc!Q7,""),"") -> 537.82382 | J7: =IFERROR(IF(LEN(C7)>0,Calc!R7,""),"") -> 4462.1762 | K7: =IFERROR(IF(LEN(C7)>0,Calc!S7,""),"") -> 0
C8: =IFERROR(Calc!K8,"") -> 1 | D8: =IFERROR(IF(LEN(C8)>0,Calc!L8,""),"") -> 41 | E8: =IFERROR(IF(LEN(C8)>0,Calc!M8,""),"") -> 0.056870929 | F8: =IFERROR(IF(LEN(C8)>0,Calc!N8,""),"") -> 253.7681 | G8: =IFERROR(IF(LEN(C8)>0,Calc!O8,""),"") -> 50.753621 | H8: =IFERROR(IF(LEN(C8)>0,Calc!P8,""),"") -> 548.38224 | I8: =IFERROR(IF(LEN(C8)>0,Calc!Q8,""),"") -> 497.62862 | J8: =IFERROR(IF(LEN(C8)>0,Calc!R8,""),"") -> 4167.562 | K8: =IFERROR(IF(LEN(C8)>0,Calc!S8,""),"") -> 253.7681
C9: =IFERROR(Calc!K9,"") -> 2 | D9: =IFERROR(IF(LEN(C9)>0,Calc!L9,""),"") -> 42 | E9: =IFERROR(IF(LEN(C9)>0,Calc!M9,""),"") -> 0.038967239 | F9: =IFERROR(IF(LEN(C9)>0,Calc!N9,""),"") -> 162.39839 | G9: =IFERROR(IF(LEN(C9)>0,Calc!O9,""),"") -> 32.479677 | H9: =IFERROR(IF(LEN(C9)>0,Calc!P9,""),"") -> 536.88668 | I9: =IFERROR(IF(LEN(C9)>0,Calc!Q9,""),"") -> 504.407 | J9: =IFERROR(IF(LEN(C9)>0,Calc!R9,""),"") -> 3793.0737 | K9: =IFERROR(IF(LEN(C9)>0,Calc!S9,""),"") -> 416.16649
C10: =IFERROR(Calc!K10,"") -> 3 | D10: =IFERROR(IF(LEN(C10)>0,Calc!L10,""),"") -> 43 | E10: =IFERROR(IF(LEN(C10)>0,Calc!M10,""),"") -> 0.042629693 | F10: =IFERROR(IF(LEN(C10)>0,Calc!N10,""),"") -> 161.69757 | G10: =IFERROR(IF(LEN(C10)>0,Calc!O10,""),"") -> 32.339514 | H10: =IFERROR(IF(LEN(C10)>0,Calc!P10,""),"") -> 561.87905 | I10: =IFERROR(IF(LEN(C10)>0,Calc!Q10,""),"") -> 529.53953 | J10: =IFERROR(IF(LEN(C10)>0,Calc!R10,""),"") -> 3392.8923 | K10: =IFERROR(IF(LEN(C10)>0,Calc!S10,""),"") -> 577.86406
C11: =IFERROR(Calc!K11,"") -> 4 | D11: =IFERROR(IF(LEN(C11)>0,Calc!L11,""),"") -> 44 | E11: =IFERROR(IF(LEN(C11)>0,Calc!M11,""),"") -> 0.047767584 | F11: =IFERROR(IF(LEN(C11)>0,Calc!N11,""),"") -> 162.07027 | G11: =IFERROR(IF(LEN(C11)>0,Calc!O11,""),"") -> 32.414054 | H11: =IFERROR(IF(LEN(C11)>0,Calc!P11,""),"") -> 589.9333 | I11: =IFERROR(IF(LEN(C11)>0,Calc!Q11,""),"") -> 557.51924 | J11: =IFERROR(IF(LEN(C11)>0,Calc!R11,""),"") -> 2965.0292 | K11: =IFERROR(IF(LEN(C11)>0,Calc!S11,""),"") -> 739.93433
C12: =IFERROR(Calc!K12,"") -> 5 | D12: =IFERROR(IF(LEN(C12)>0,Calc!L12,""),"") -> 45 | E12: =IFERROR(IF(LEN(C12)>0,Calc!M12,""),"") -> 0.03705599 | F12: =IFERROR(IF(LEN(C12)>0,Calc!N12,""),"") -> 109.87209 | G12: =IFERROR(IF(LEN(C12)>0,Calc!O12,""),"") -> 21.974419 | H12: =IFERROR(IF(LEN(C12)>0,Calc!P12,""),"") -> 601.1304 | I12: =IFERROR(IF(LEN(C12)>0,Calc!Q12,""),"") -> 579.15598 | J12: =IFERROR(IF(LEN(C12)>0,Calc!R12,""),"") -> 2473.7709 | K12: =IFERROR(IF(LEN(C12)>0,Calc!S12,""),"") -> 849.80642
C13: =IFERROR(Calc!K13,"") -> 6 | D13: =IFERROR(IF(LEN(C13)>0,Calc!L13,""),"") -> 46 | E13: =IFERROR(IF(LEN(C13)>0,Calc!M13,""),"") -> 0.032651331 | F13: =IFERROR(IF(LEN(C13)>0,Calc!N13,""),"") -> 80.771914 | G13: =IFERROR(IF(LEN(C13)>0,Calc!O13,""),"") -> 16.154383 | H13: =IFERROR(IF(LEN(C13)>0,Calc!P13,""),"") -> 620.82961 | I13: =IFERROR(IF(LEN(C13)>0,Calc!Q13,""),"") -> 604.67523 | J13: =IFERROR(IF(LEN(C13)>0,Calc!R13,""),"") -> 1933.7132 | K13: =IFERROR(IF(LEN(C13)>0,Calc!S13,""),"") -> 930.57833
C14: =IFERROR(Calc!K14,"") -> 7 | D14: =IFERROR(IF(LEN(C14)>0,Calc!L14,""),"") -> 47 | E14: =IFERROR(IF(LEN(C14)>0,Calc!M14,""),"") -> 0.045380001 | F14: =IFERROR(IF(LEN(C14)>0,Calc!N14,""),"") -> 87.751908 | G14: =IFERROR(IF(LEN(C14)>0,Calc!O14,""),"") -> 17.550382 | H14: =IFERROR(IF(LEN(C14)>0,Calc!P14,""),"") -> 654.14794 | I14: =IFERROR(IF(LEN(C14)>0,Calc!Q14,""),"") -> 636.59755 | J14: =IFERROR(IF(LEN(C14)>0,Calc!R14,""),"") -> 1367.3172 | K14: =IFERROR(IF(LEN(C14)>0,Calc!S14,""),"") -> 1018.3302
C15: =IFERROR(Calc!K15,"") -> 8 | D15: =IFERROR(IF(LEN(C15)>0,Calc!L15,""),"") -> 48 | E15: =IFERROR(IF(LEN(C15)>0,Calc!M15,""),"") -> 0.046926638 | F15: =IFERROR(IF(LEN(C15)>0,Calc!N15,""),"") -> 64.1636 | G15: =IFERROR(IF(LEN(C15)>0,Calc!O15,""),"") -> 12.83272 | H15: =IFERROR(IF(LEN(C15)>0,Calc!P15,""),"") -> 689.23032 | I15: =IFERROR(IF(LEN(C15)>0,Calc!Q15,""),"") -> 676.3976 | J15: =IFERROR(IF(LEN(C15)>0,Calc!R15,""),"") -> 742.25049 | K15: =IFERROR(IF(LEN(C15)>0,Calc!S15,""),"") -> 1082.4938
C16: =IFERROR(Calc!K16,"") -> 9 | D16: =IFERROR(IF(LEN(C16)>0,Calc!L16,""),"") -> 49 | E16: =IFERROR(IF(LEN(C16)>0,Calc!M16,""),"") -> 0.050099477 | F16: =IFERROR(IF(LEN(C16)>0,Calc!N16,""),"") -> 37.186361 | G16: =IFERROR(IF(LEN(C16)>0,Calc!O16,""),"") -> 7.4372723 | H16: =IFERROR(IF(LEN(C16)>0,Calc!P16,""),"") -> 742.25049 | I16: =IFERROR(IF(LEN(C16)>0,Calc!Q16,""),"") -> 734.81322 | J16: =IFERROR(IF(LEN(C16)>0,Calc!R16,""),"") -> 37.186361 | K16: =IFERROR(IF(LEN(C16)>0,Calc!S16,""),"") -> 1119.6802

Sheet AnnuityCalculator
B2: ANNUITY CALCULATOR TEMPLATE
B3: ANNUITY CALCULATOR
B6: Solve for: | D6: Periods to Pay Out
B9: Initial Principal | I9: 5000
B10: Payment Frequency: | I10: Quarterly
B11: First Periodic Withdrawal | I11: 4000
B12: Years to Withdrawal | I12: 24
B13: Interest Annual Rate | I13: 0.02
B14: Inflation Annual Rate | I14: 0.03
B15: Annuity Payment Term | I15: Beginning of Year
B16: Term (type) | I16: =IFERROR(IF(I15="Beginning of Year",1,0),"") -> 1
B17: Interest Period Rate | I17: =IFERROR(IF($I$10=Calc!$B$4,AnnuityCalculator!$I$13/12,IF($I$10=Calc!$B$5,AnnuityCalculator!$I$13/4,IF(AnnuityCalculator!$I$10=Calc!$B$6,AnnuityCalculator!$I$13/2,AnnuityCalculator!$I$13))),"") -> 0.005
B18: Inflation Period Rate | I18: =IFERROR(IF($I$10=Calc!$B$4,AnnuityCalculator!$I$14/12,IF($I$10=Calc!$B$5,AnnuityCalculator!$I$14/4,IF(AnnuityCalculator!$I$10=Calc!$B$6,AnnuityCalculator!$I$14/2,AnnuityCalculator!$I$14))),"") -> 0.0075
B19: Periods to Withdrawal | I19: =IFERROR(IF(AnnuityCalculator!I10=Calc!$B$4,$I$12*Calc!$C$4,IF(AnnuityCalculator!I10=Calc!$B$5,Calc!C5*AnnuityCalculator!I12,IF(AnnuityCalculator!I10=Calc!$B$6,Calc!$C$6*AnnuityCalculator!I12,AnnuityCalculator!I12))),"") -> 96
B21: Number of Periods | I21: =IFERROR(NPER(I17,I11,-I9,,I16),"") -> 1.2507813
B22: Number of Periods (inflation adjusted) | I22: =IFERROR(NPER((1+I17)/(1+I18)-1,IF(I16=1,I11,I11/(1+I18)),-I9,,I16),"") -> 1.2496123
B24: Initial Principal | I24: =IFERROR(PV(I17,I19,-I11,,I16),"") -> 305902.78
B25: Initial Principal (inflation adjusted) | I25: =IFERROR(PV((1+I17)/(1+I18)-1,I19,-IF(I16=1,I11,I11/(1+I18)),,I16),"") -> 433123.95
B27: Periodic Payment | I27: =IFERROR(PMT(I17,I19,-I9,,I16),"") -> 65.38025
B28: First Periodic Payment (Inflation adjusted) | I28: =IFERROR(PMT((1+I17)/(1+I18)-1,I19,-I9,,I16)*(1+I18)^IF(I18=0,1,0),"") -> 46.176159
B29: Last Periodic Payment (inflation adjusted) | I29: =IFERROR(PMT((1+I17)/(1+I18)-1,I19,-I9,,I16)*(1+I18)^IF(I16=0,I19,I19-1),"") -> 93.907009

Sheet Graphs
C2: ANNUITY CALCULATOR TEMPLATE
C3: GRAPHS
A5: "

Sheet Calc
B3: Payment Frequency | C3: Periods | D3: Inflation Rate | E3: Tax Rate | G3: Graph | K3: Period | L3: =IF(PayFreq=Calc!$B$4,AnnuityEstimator!$F$8*Calc!$C$4,IF(PayFreq=Calc!$B$5,Calc!C5*AnnuityEstimator!$F$8,IF(PayFreq=Calc!$B$6,Calc!$C$6*AnnuityEstimator!$F$8,AnnuityEstimator!$F$8))) -> 10 | M3: Tax Period Rate | N3: =IF(PayFreq=Calc!$B$4,Calc!$E$4,IF(PayFreq=Calc!$B$5,Calc!$E$5,IF(PayFreq=Calc!$B$6,Calc!$E$6,Calc!$E$7))) -> 0.2 | P3: max for offset | Q3: =MAX(L3,COUNTA(Calc!$L$3)) -> 10
B4: Monthly | C4: 12 | D4: =AnnuityEstimator!$F$19/Calc!C4 -> 0.0025 | E4: =AnnuityEstimator!$F$20/Calc!C4 -> 0.016666667 | G4: Principal | H4: =IFERROR(I4/I6,"") -> 0.81678535 | I4: =Ini_cap -> 5000 | K4: Inf Period Rate | L4: =IF(PayFreq=Calc!$B$4,Calc!$D$4,IF(PayFreq=Calc!$B$5,Calc!$D$5,IF(PayFreq=Calc!$B$6,Calc!D6,Calc!$D$7))) -> 0.03 | M4: Cumulative interest | N4: =_xlfn.AGGREGATE(9,6,N7:N486) -> 1121.5594
B5: Quarterly | C5: 4 | D5: =AnnuityEstimator!$F$19/Calc!C5 -> 0.0075 | E5: =AnnuityEstimator!$F$20/Calc!C5 -> 0.05 | G5: Interest | H5: =IFERROR(I5/I6,"") -> 0.18321465 | I5: =N4 -> 1121.5594 | K5: =COUNT(K7:K488) -> 10 | V5: =IF(PayFreq="Annually",Calc!$L$3) -> 10 | W5: =IF(PayFreq="Monthly",Calc!$L$3) -> FALSE | X5: =IF(PayFreq="Semi-Annually",Calc!$L$3) -> FALSE | Y5: =IF(PayFreq="Quarterly",Calc!$L$3) -> FALSE
B6: Semi-Annually | C6: 2 | D6: =AnnuityEstimator!$F$19/Calc!C6 -> 0.015 | E6: =AnnuityEstimator!$F$20/Calc!C6 -> 0.1 | I6: =I5+I4 -> 6121.5594 | K6: Period | L6: Age | M6: Interest Rate | N6: Interest | O6: Tax | P6: Payment | Q6: Net Payment | R6: Balance | S6: Cumulative Interest | U6: index | V6: Annually | W6: Monthly | X6: Semi-Annually | Y6: Quarterly
B7: Annually | C7: 1 | D7: =AnnuityEstimator!$F$19/Calc!C7 -> 0.03 | E7: =AnnuityEstimator!$F$20/Calc!C7 -> 0.2 | K7: 0 | L7: =IFERROR(V7,"") -> 40 | M7: =IFERROR(IF(ISERROR(K7),NA(),(IF(PayFreq="Monthly",(IF(ISERROR(K7),NA(),IF(Rate=TRUE,AnnuityEstimator!$F$13+RAND()*(AnnuityEstimator!$F$14-AnnuityEstimator!$F$13),AnnuityEstimator!$F$17))/12),IF(PayFreq="Quarterly",(IF(ISERROR(K7),NA(),IF(Rate=TRUE,AnnuityEstimator!$F$13+RAND()*(AnnuityEstimator!$F$14-AnnuityEstimator!$F$13),AnnuityEstimator!$F$17))/4),IF(PayFreq="Semi-Annually",(IF(ISERROR(K7),NA(),IF(Rate=TRUE,AnnuityEstimator!$F$13+RAND()*(AnnuityEstimator!$F$14-AnnuityEstimator!$F$13),AnnuityEstimator!$F$17))/2),IF(PayFreq="Annually",(IF(ISERROR(K7),NA(),IF(Rate=TRUE,AnnuityEstimator!$F$13+RAND()*(AnnuityEstimator!$F$14-AnnuityEstimator!$F$13),AnnuityEstimator!$F$17))),AnnuityEstimator!$F$17)))))),"") -> 0.047086969 | N7: 0 | O7: =IFERROR(IF(ISERROR(K7),NA(),IF(N7>0,N7*$N$3,0)),"") -> 0 | P7: =IFERROR(IF(Rate=FALSE,IF(ann_paid=TRUE,FP,0),IF(ann_paid=TRUE,PMT((1+M7)/(1+L4)-1,L3,-(Ini_cap+(N7-O7)),,Payment),0)),"") -> 537.82382 | Q7: =IFERROR(IF(ann_paid=TRUE,P7,0),"") -> 537.82382 | R7: =IFERROR(IF(ISERROR(K7),NA(),Ini_cap+(N7-O7)-Q7),"") -> 4462.1762 | S7: =N7 -> 0 | U7: 1 | V7: =AnnuityEstimator!$F$7 -> 40 | W7: =AnnuityEstimator!$F$7 -> 40 | X7: =AnnuityEstimator!$F$7 -> 40 | Y7: =AnnuityEstimator!$F$7 -> 40
K8: =IFERROR(IF(ann_paid=TRUE,IF(K7>=$L$3-1,NA(),K7+1),IF(K7>=$L$3,NA(),K7+1)),"") -> 1 | L8: =IFERROR(IF($L$3=$V$5,V8,IF($L$3=$W$5,W8,IF($L$3=$X$5,X8,IF($L$3=$Y$5,Y8)))),"") -> 41 | M8: =IFERROR(IF(ISERROR(K8),NA(),(IF(PayFreq="Monthly",(IF(ISERROR(K8),NA(),IF(Rate=TRUE,AnnuityEstimator!$F$13+RAND()*(AnnuityEstimator!$F$14-AnnuityEstimator!$F$13),AnnuityEstimator!$F$17))/12),IF(PayFreq="Quarterly",(IF(ISERROR(K8),NA(),IF(Rate=TRUE,AnnuityEstimator!$F$13+RAND()*(AnnuityEstimator!$F$14-AnnuityEstimator!$F$13),AnnuityEstimator!$F$17))/4),IF(PayFreq="Semi-Annually",(IF(ISERROR(K8),NA(),IF(Rate=TRUE,AnnuityEstimator!$F$13+RAND()*(AnnuityEstimator!$F$14-AnnuityEstimator!$F$13),AnnuityEstimator!$F$17))/2),IF(PayFreq="Annually",(IF(ISERROR(K8),NA(),IF(Rate=TRUE,AnnuityEstimator!$F$13+RAND()*(AnnuityEstimator!$F$14-AnnuityEstimator!$F$13),AnnuityEstimator!$F$17))),AnnuityEstimator!$F$17)))))),"") -> 0.056870929 | N8: =IFERROR(IF(ISERROR(K8),NA(),IF(ann_paid=TRUE,R7*M8,R7*M8)),"") -> 253.7681 | O8: =IFERROR(IF(ISERROR(K8),NA(),IF(N8>0,N8*$N$3,0)),"") -> 50.753621 | P8: =IFERROR(IF(Rate=FALSE,IF(ISERROR(K8),NA(),FV($L$4,K8,,-FP)),PMT((1+M8)/(1+$L$4)-1,IF(ann_paid=TRUE,$L$3-K8,$L$3+1-K8),-(R7),,Payment)),"") -> 548.38224 | Q8: =IFERROR(IF(ISERROR(K8),NA(),P8-O8),"") -> 497.62862 | R8: =IFERROR(IF(ISERROR(K8),NA(),IF((R7+N8-P8)<0,-(R7+N8-P8),(R7+N8-P8))),"") -> 4167.562 | S8: =IFERROR(IF(ISERROR(K8),NA(),SUM($N$7:N8)),"") -> 253.7681 | U8: 2 | V8: =V7+1 -> 41 | W8: =IF(MOD($U8,12)=1,$W7+1,$W7) -> 40 | X8: =IF(MOD($U8,2)=1,$X7+1,$X7) -> 40 | Y8: =IF(MOD($U8,4)=1,$Y7+1,$Y7) -> 40
K9: =IFERROR(IF(ann_paid=TRUE,IF(K8>=$L$3-1,NA(),K8+1),IF(K8>=$L$3,NA(),K8+1)),"") -> 2 | L9: =IFERROR(IF($L$3=$V$5,V9,IF($L$3=$W$5,W9,IF($L$3=$X$5,X9,IF($L$3=$Y$5,Y9)))),"") -> 42 | M9: =IFERROR(IF(ISERROR(K9),NA(),(IF(PayFreq="Monthly",(IF(ISERROR(K9),NA(),IF(Rate=TRUE,AnnuityEstimator!$F$13+RAND()*(AnnuityEstimator!$F$14-AnnuityEstimator!$F$13),AnnuityEstimator!$F$17))/12),IF(PayFreq="Quarterly",(IF(ISERROR(K9),NA(),IF(Rate=TRUE,AnnuityEstimator!$F$13+RAND()*(AnnuityEstimator!$F$14-AnnuityEstimator!$F$13),AnnuityEstimator!$F$17))/4),IF(PayFreq="Semi-Annually",(IF(ISERROR(K9),NA(),IF(Rate=TRUE,AnnuityEstimator!$F$13+RAND()*(AnnuityEstimator!$F$14-AnnuityEstimator!$F$13),AnnuityEstimator!$F$17))/2),IF(PayFreq="Annually",(IF(ISERROR(K9),NA(),IF(Rate=TRUE,AnnuityEstimator!$F$13+RAND()*(AnnuityEstimator!$F$14-AnnuityEstimator!$F$13),AnnuityEstimator!$F$17))),AnnuityEstimator!$F$17)))))),"") -> 0.038967239 | N9: =IFERROR(IF(ISERROR(K9),NA(),IF(ann_paid=TRUE,R8*M9,R8*M9)),"") -> 162.39839 | O9: =IFERROR(IF(ISERROR(K9),NA(),IF(N9>0,N9*$N$3,0)),"") -> 32.479677 | P9: =IFERROR(IF(Rate=FALSE,IF(ISERROR(K9),NA(),FV($L$4,K9,,-FP)),PMT((1+M9)/(1+$L$4)-1,IF(ann_paid=TRUE,$L$3-K9,$L$3+1-K9),-(R8),,Payment)),"") -> 536.88668 | Q9: =IFERROR(IF(ISERROR(K9),NA(),P9-O9),"") -> 504.407 | R9: =IFERROR(IF(ISERROR(K9),NA(),IF((R8+N9-P9)<0,-(R8+N9-P9),(R8+N9-P9))),"") -> 3793.0737 | S9: =IFERROR(IF(ISERROR(K9),NA(),SUM($N$7:N9)),"") -> 416.16649 | U9: 3 | V9: =V8+1 -> 42 | W9: =IF(MOD($U9,12)=1,$W8+1,$W8) -> 40 | X9: =IF(MOD($U9,2)=1,$X8+1,$X8) -> 41 | Y9: =IF(MOD($U9,4)=1,$Y8+1,$Y8) -> 40
B10: Periods to Pay Out | K10: =IFERROR(IF(ann_paid=TRUE,IF(K9>=$L$3-1,NA(),K9+1),IF(K9>=$L$3,NA(),K9+1)),"") -> 3 | L10: =IFERROR(IF($L$3=$V$5,V10,IF($L$3=$W$5,W10,IF($L$3=$X$5,X10,IF($L$3=$Y$5,Y10)))),"") -> 43 | M10: =IFERROR(IF(ISERROR(K10),NA(),(IF(PayFreq="Monthly",(IF(ISERROR(K10),NA(),IF(Rate=TRUE,AnnuityEstimator!$F$13+RAND()*(AnnuityEstimator!$F$14-AnnuityEstimator!$F$13),AnnuityEstimator!$F$17))/12),IF(PayFreq="Quarterly",(IF(ISERROR(K10),NA(),IF(Rate=TRUE,AnnuityEstimator!$F$13+RAND()*(AnnuityEstimator!$F$14-AnnuityEstimator!$F$13),AnnuityEstimator!$F$17))/4),IF(PayFreq="Semi-Annually",(IF(ISERROR(K10),NA(),IF(Rate=TRUE,AnnuityEstimator!$F$13+RAND()*(AnnuityEstimator!$F$14-AnnuityEstimator!$F$13),AnnuityEstimator!$F$17))/2),IF(PayFreq="Annually",(IF(ISERROR(K10),NA(),IF(Rate=TRUE,AnnuityEstimator!$F$13+RAND()*(AnnuityEstimator!$F$14-AnnuityEstimator!$F$13),AnnuityEstimator!$F$17))),AnnuityEstimator!$F$17)))))),"") -> 0.042629693 | N10: =IFERROR(IF(ISERROR(K10),NA(),IF(ann_paid=TRUE,R9*M10,R9*M10)),"") -> 161.69757 | O10: =IFERROR(IF(ISERROR(K10),NA(),IF(N10>0,N10*$N$3,0)),"") -> 32.339514 | P10: =IFERROR(IF(Rate=FALSE,IF(ISERROR(K10),NA(),FV($L$4,K10,,-FP)),PMT((1+M10)/(1+$L$4)-1,IF(ann_paid=TRUE,$L$3-K10,$L$3+1-K10),-(R9),,Payment)),"") -> 561.87905 | Q10: =IFERROR(IF(ISERROR(K10),NA(),P10-O10),"") -> 529.53953 | R10: =IFERROR(IF(ISERROR(K10),NA(),IF((R9+N10-P10)<0,-(R9+N10-P10),(R9+N10-P10))),"") -> 3392.8923 | S10: =IFERROR(IF(ISERROR(K10),NA(),SUM($N$7:N10)),"") -> 577.86406 | U10: 4 | V10: =V9+1 -> 43 | W10: =IF(MOD($U10,12)=1,$W9+1,$W9) -> 40 | X10: =IF(MOD($U10,2)=1,$X9+1,$X9) -> 41 | Y10: =IF(MOD($U10,4)=1,$Y9+1,$Y9) -> 40
B11: Initial Principal | K11: =IFERROR(IF(ann_paid=TRUE,IF(K10>=$L$3-1,NA(),K10+1),IF(K10>=$L$3,NA(),K10+1)),"") -> 4 | L11: =IFERROR(IF($L$3=$V$5,V11,IF($L$3=$W$5,W11,IF($L$3=$X$5,X11,IF($L$3=$Y$5,Y11)))),"") -> 44 | M11: =IFERROR(IF(ISERROR(K11),NA(),(IF(PayFreq="Monthly",(IF(ISERROR(K11),NA(),IF(Rate=TRUE,AnnuityEstimator!$F$13+RAND()*(AnnuityEstimator!$F$14-AnnuityEstimator!$F$13),AnnuityEstimator!$F$17))/12),IF(PayFreq="Quarterly",(IF(ISERROR(K11),NA(),IF(Rate=TRUE,AnnuityEstimator!$F$13+RAND()*(AnnuityEstimator!$F$14-AnnuityEstimator!$F$13),AnnuityEstimator!$F$17))/4),IF(PayFreq="Semi-Annually",(IF(ISERROR(K11),NA(),IF(Rate=TRUE,AnnuityEstimator!$F$13+RAND()*(AnnuityEstimator!$F$14-AnnuityEstimator!$F$13),AnnuityEstimator!$F$17))/2),IF(PayFreq="Annually",(IF(ISERROR(K11),NA(),IF(Rate=TRUE,AnnuityEstimator!$F$13+RAND()*(AnnuityEstimator!$F$14-AnnuityEstimator!$F$13),AnnuityEstimator!$F$17))),AnnuityEstimator!$F$17)))))),"") -> 0.047767584 | N11: =IFERROR(IF(ISERROR(K11),NA(),IF(ann_paid=TRUE,R10*M11,R10*M11)),"") -> 162.07027 | O11: =IFERROR(IF(ISERROR(K11),NA(),IF(N11>0,N11*$N$3,0)),"") -> 32.414054 | P11: =IFERROR(IF(Rate=FALSE,IF(ISERROR(K11),NA(),FV($L$4,K11,,-FP)),PMT((1+M11)/(1+$L$4)-1,IF(ann_paid=TRUE,$L$3-K11,$L$3+1-K11),-(R10),,Payment)),"") -> 589.9333 | Q11: =IFERROR(IF(ISERROR(K11),NA(),P11-O11),"") -> 557.51924 | R11: =IFERROR(IF(ISERROR(K11),NA(),IF((R10+N11-P11)<0,-(R10+N11-P11),(R10+N11-P11))),"") -> 2965.0292 | S11: =IFERROR(IF(ISERROR(K11),NA(),SUM($N$7:N11)),"") -> 739.93433 | U11: 5 | V11: =V10+1 -> 44 | W11: =IF(MOD($U11,12)=1,$W10+1,$W10) -> 40 | X11: =IF(MOD($U11,2)=1,$X10+1,$X10) -> 42 | Y11: =IF(MOD($U11,4)=1,$Y10+1,$Y10) -> 41
B12: Periodic Payment | K12: =IFERROR(IF(ann_paid=TRUE,IF(K11>=$L$3-1,NA(),K11+1),IF(K11>=$L$3,NA(),K11+1)),"") -> 5 | L12: =IFERROR(IF($L$3=$V$5,V12,IF($L$3=$W$5,W12,IF($L$3=$X$5,X12,IF($L$3=$Y$5,Y12)))),"") -> 45 | M12: =IFERROR(IF(ISERROR(K12),NA(),(IF(PayFreq="Monthly",(IF(ISERROR(K12),NA(),IF(Rate=TRUE,AnnuityEstimator!$F$13+RAND()*(AnnuityEstimator!$F$14-AnnuityEstimator!$F$13),AnnuityEstimator!$F$17))/12),IF(PayFreq="Quarterly",(IF(ISERROR(K12),NA(),IF(Rate=TRUE,AnnuityEstimator!$F$13+RAND()*(AnnuityEstimator!$F$14-AnnuityEstimator!$F$13),AnnuityEstimator!$F$17))/4),IF(PayFreq="Semi-Annually",(IF(ISERROR(K12),NA(),IF(Rate=TRUE,AnnuityEstimator!$F$13+RAND()*(AnnuityEstimator!$F$14-AnnuityEstimator!$F$13),AnnuityEstimator!$F$17))/2),IF(PayFreq="Annually",(IF(ISERROR(K12),NA(),IF(Rate=TRUE,AnnuityEstimator!$F$13+RAND()*(AnnuityEstimator!$F$14-AnnuityEstimator!$F$13),AnnuityEstimator!$F$17))),AnnuityEstimator!$F$17)))))),"") -> 0.03705599 | N12: =IFERROR(IF(ISERROR(K12),NA(),IF(ann_paid=TRUE,R11*M12,R11*M12)),"") -> 109.87209 | O12: =IFERROR(IF(ISERROR(K12),NA(),IF(N12>0,N12*$N$3,0)),"") -> 21.974419 | P12: =IFERROR(IF(Rate=FALSE,IF(ISERROR(K12),NA(),FV($L$4,K12,,-FP)),PMT((1+M12)/(1+$L$4)-1,IF(ann_paid=TRUE,$L$3-K12,$L$3+1-K12),-(R11),,Payment)),"") -> 601.1304 | Q12: =IFERROR(IF(ISERROR(K12),NA(),P12-O12),"") -> 579.15598 | R12: =IFERROR(IF(ISERROR(K12),NA(),IF((R11+N12-P12)<0,-(R11+N12-P12),(R11+N12-P12))),"") -> 2473.7709 | S12: =IFERROR(IF(ISERROR(K12),NA(),SUM($N$7:N12)),"") -> 849.80642 | U12: 6 | V12: =V11+1 -> 45 | W12: =IF(MOD($U12,12)=1,$W11+1,$W11) -> 40 | X12: =IF(MOD($U12,2)=1,$X11+1,$X11) -> 42 | Y12: =IF(MOD($U12,4)=1,$Y11+1,$Y11) -> 41
K13: =IFERROR(IF(ann_paid=TRUE,IF(K12>=$L$3-1,NA(),K12+1),IF(K12>=$L$3,NA(),K12+1)),"") -> 6 | L13: =IFERROR(IF($L$3=$V$5,V13,IF($L$3=$W$5,W13,IF($L$3=$X$5,X13,IF($L$3=$Y$5,Y13)))),"") -> 46 | M13: =IFERROR(IF(ISERROR(K13),NA(),(IF(PayFreq="Monthly",(IF(ISERROR(K13),NA(),IF(Rate=TRUE,AnnuityEstimator!$F$13+RAND()*(AnnuityEstimator!$F$14-AnnuityEstimator!$F$13),AnnuityEstimator!$F$17))/12),IF(PayFreq="Quarterly",(IF(ISERROR(K13),NA(),IF(Rate=TRUE,AnnuityEstimator!$F$13+RAND()*(AnnuityEstimator!$F$14-AnnuityEstimator!$F$13),AnnuityEstimator!$F$17))/4),IF(PayFreq="Semi-Annually",(IF(ISERROR(K13),NA(),IF(Rate=TRUE,AnnuityEstimator!$F$13+RAND()*(AnnuityEstimator!$F$14-AnnuityEstimator!$F$13),AnnuityEstimator!$F$17))/2),IF(PayFreq="Annually",(IF(ISERROR(K13),NA(),IF(Rate=TRUE,AnnuityEstimator!$F$13+RAND()*(AnnuityEstimator!$F$14-AnnuityEstimator!$F$13),AnnuityEstimator!$F$17))),AnnuityEstimator!$F$17)))))),"") -> 0.032651331 | N13: =IFERROR(IF(ISERROR(K13),NA(),IF(ann_paid=TRUE,R12*M13,R12*M13)),"") -> 80.771914 | O13: =IFERROR(IF(ISERROR(K13),NA(),IF(N13>0,N13*$N$3,0)),"") -> 16.154383 | P13: =IFERROR(IF(Rate=FALSE,IF(ISERROR(K13),NA(),FV($L$4,K13,,-FP)),PMT((1+M13)/(1+$L$4)-1,IF(ann_paid=TRUE,$L$3-K13,$L$3+1-K13),-(R12),,Payment)),"") -> 620.82961 | Q13: =IFERROR(IF(ISERROR(K13),NA(),P13-O13),"") -> 604.67523 | R13: =IFERROR(IF(ISERROR(K13),NA(),IF((R12+N13-P13)<0,-(R12+N13-P13),(R12+N13-P13))),"") -> 1933.7132 | S13: =IFERROR(IF(ISERROR(K13),NA(),SUM($N$7:N13)),"") -> 930.57833 | U13: 7 | V13: =V12+1 -> 46 | W13: =IF(MOD($U13,12)=1,$W12+1,$W12) -> 40 | X13: =IF(MOD($U13,2)=1,$X12+1,$X12) -> 43 | Y13: =IF(MOD($U13,4)=1,$Y12+1,$Y12) -> 41
K14: =IFERROR(IF(ann_paid=TRUE,IF(K13>=$L$3-1,NA(),K13+1),IF(K13>=$L$3,NA(),K13+1)),"") -> 7 | L14: =IFERROR(IF($L$3=$V$5,V14,IF($L$3=$W$5,W14,IF($L$3=$X$5,X14,IF($L$3=$Y$5,Y14)))),"") -> 47 | M14: =IFERROR(IF(ISERROR(K14),NA(),(IF(PayFreq="Monthly",(IF(ISERROR(K14),NA(),IF(Rate=TRUE,AnnuityEstimator!$F$13+RAND()*(AnnuityEstimator!$F$14-AnnuityEstimator!$F$13),AnnuityEstimator!$F$17))/12),IF(PayFreq="Quarterly",(IF(ISERROR(K14),NA(),IF(Rate=TRUE,AnnuityEstimator!$F$13+RAND()*(AnnuityEstimator!$F$14-AnnuityEstimator!$F$13),AnnuityEstimator!$F$17))/4),IF(PayFreq="Semi-Annually",(IF(ISERROR(K14),NA(),IF(Rate=TRUE,AnnuityEstimator!$F$13+RAND()*(AnnuityEstimator!$F$14-AnnuityEstimator!$F$13),AnnuityEstimator!$F$17))/2),IF(PayFreq="Annually",(IF(ISERROR(K14),NA(),IF(Rate=TRUE,AnnuityEstimator!$F$13+RAND()*(AnnuityEstimator!$F$14-AnnuityEstimator!$F$13),AnnuityEstimator!$F$17))),AnnuityEstimator!$F$17)))))),"") -> 0.045380001 | N14: =IFERROR(IF(ISERROR(K14),NA(),IF(ann_paid=TRUE,R13*M14,R13*M14)),"") -> 87.751908 | O14: =IFERROR(IF(ISERROR(K14),NA(),IF(N14>0,N14*$N$3,0)),"") -> 17.550382 | P14: =IFERROR(IF(Rate=FALSE,IF(ISERROR(K14),NA(),FV($L$4,K14,,-FP)),PMT((1+M14)/(1+$L$4)-1,IF(ann_paid=TRUE,$L$3-K14,$L$3+1-K14),-(R13),,Payment)),"") -> 654.14794 | Q14: =IFERROR(IF(ISERROR(K14),NA(),P14-O14),"") -> 636.59755 | R14: =IFERROR(IF(ISERROR(K14),NA(),IF((R13+N14-P14)<0,-(R13+N14-P14),(R13+N14-P14))),"") -> 1367.3172 | S14: =IFERROR(IF(ISERROR(K14),NA(),SUM($N$7:N14)),"") -> 1018.3302 | U14: 8 | V14: =V13+1 -> 47 | W14: =IF(MOD($U14,12)=1,$W13+1,$W13) -> 40 | X14: =IF(MOD($U14,2)=1,$X13+1,$X13) -> 43 | Y14: =IF(MOD($U14,4)=1,$Y13+1,$Y13) -> 41
K15: =IFERROR(IF(ann_paid=TRUE,IF(K14>=$L$3-1,NA(),K14+1),IF(K14>=$L$3,NA(),K14+1)),"") -> 8 | L15: =IFERROR(IF($L$3=$V$5,V15,IF($L$3=$W$5,W15,IF($L$3=$X$5,X15,IF($L$3=$Y$5,Y15)))),"") -> 48 | M15: =IFERROR(IF(ISERROR(K15),NA(),(IF(PayFreq="Monthly",(IF(ISERROR(K15),NA(),IF(Rate=TRUE,AnnuityEstimator!$F$13+RAND()*(AnnuityEstimator!$F$14-AnnuityEstimator!$F$13),AnnuityEstimator!$F$17))/12),IF(PayFreq="Quarterly",(IF(ISERROR(K15),NA(),IF(Rate=TRUE,AnnuityEstimator!$F$13+RAND()*(AnnuityEstimator!$F$14-AnnuityEstimator!$F$13),AnnuityEstimator!$F$17))/4),IF(PayFreq="Semi-Annually",(IF(ISERROR(K15),NA(),IF(Rate=TRUE,AnnuityEstimator!$F$13+RAND()*(AnnuityEstimator!$F$14-AnnuityEstimator!$F$13),AnnuityEstimator!$F$17))/2),IF(PayFreq="Annually",(IF(ISERROR(K15),NA(),IF(Rate=TRUE,AnnuityEstimator!$F$13+RAND()*(AnnuityEstimator!$F$14-AnnuityEstimator!$F$13),AnnuityEstimator!$F$17))),AnnuityEstimator!$F$17)))))),"") -> 0.046926638 | N15: =IFERROR(IF(ISERROR(K15),NA(),IF(ann_paid=TRUE,R14*M15,R14*M15)),"") -> 64.1636 | O15: =IFERROR(IF(ISERROR(K15),NA(),IF(N15>0,N15*$N$3,0)),"") -> 12.83272 | P15: =IFERROR(IF(Rate=FALSE,IF(ISERROR(K15),NA(),FV($L$4,K15,,-FP)),PMT((1+M15)/(1+$L$4)-1,IF(ann_paid=TRUE,$L$3-K15,$L$3+1-K15),-(R14),,Payment)),"") -> 689.23032 | Q15: =IFERROR(IF(ISERROR(K15),NA(),P15-O15),"") -> 676.3976 | R15: =IFERROR(IF(ISERROR(K15),NA(),IF((R14+N15-P15)<0,-(R14+N15-P15),(R14+N15-P15))),"") -> 742.25049 | S15: =IFERROR(IF(ISERROR(K15),NA(),SUM($N$7:N15)),"") -> 1082.4938 | U15: 9 | V15: =V14+1 -> 48 | W15: =IF(MOD($U15,12)=1,$W14+1,$W14) -> 40 | X15: =IF(MOD($U15,2)=1,$X14+1,$X14) -> 44 | Y15: =IF(MOD($U15,4)=1,$Y14+1,$Y14) -> 42
K16: =IFERROR(IF(ann_paid=TRUE,IF(K15>=$L$3-1,NA(),K15+1),IF(K15>=$L$3,NA(),K15+1)),"") -> 9 | L16: =IFERROR(IF($L$3=$V$5,V16,IF($L$3=$W$5,W16,IF($L$3=$X$5,X16,IF($L$3=$Y$5,Y16)))),"") -> 49 | M16: =IFERROR(IF(ISERROR(K16),NA(),(IF(PayFreq="Monthly",(IF(ISERROR(K16),NA(),IF(Rate=TRUE,AnnuityEstimator!$F$13+RAND()*(AnnuityEstimator!$F$14-AnnuityEstimator!$F$13),AnnuityEstimator!$F$17))/12),IF(PayFreq="Quarterly",(IF(ISERROR(K16),NA(),IF(Rate=TRUE,AnnuityEstimator!$F$13+RAND()*(AnnuityEstimator!$F$14-AnnuityEstimator!$F$13),AnnuityEstimator!$F$17))/4),IF(PayFreq="Semi-Annually",(IF(ISERROR(K16),NA(),IF(Rate=TRUE,AnnuityEstimator!$F$13+RAND()*(AnnuityEstimator!$F$14-AnnuityEstimator!$F$13),AnnuityEstimator!$F$17))/2),IF(PayFreq="Annually",(IF(ISERROR(K16),NA(),IF(Rate=TRUE,AnnuityEstimator!$F$13+RAND()*(AnnuityEstimator!$F$14-AnnuityEstimator!$F$13),AnnuityEstimator!$F$17))),AnnuityEstimator!$F$17)))))),"") -> 0.050099477 | N16: =IFERROR(IF(ISERROR(K16),NA(),IF(ann_paid=TRUE,R15*M16,R15*M16)),"") -> 37.186361 | O16: =IFERROR(IF(ISERROR(K16),NA(),IF(N16>0,N16*$N$3,0)),"") -> 7.4372723 | P16: =IFERROR(IF(Rate=FALSE,IF(ISERROR(K16),NA(),FV($L$4,K16,,-FP)),PMT((1+M16)/(1+$L$4)-1,IF(ann_paid=TRUE,$L$3-K16,$L$3+1-K16),-(R15),,Payment)),"") -> 742.25049 | Q16: =IFERROR(IF(ISERROR(K16),NA(),P16-O16),"") -> 734.81322 | R16: =IFERROR(IF(ISERROR(K16),NA(),IF((R15+N16-P16)<0,-(R15+N16-P16),(R15+N16-P16))),"") -> 37.186361 | S16: =IFERROR(IF(ISERROR(K16),NA(),SUM($N$7:N16)),"") -> 1119.6802 | U16: 10 | V16: =V15+1 -> 49 | W16: =IF(MOD($U16,12)=1,$W15+1,$W15) -> 40 | X16: =IF(MOD($U16,2)=1,$X15+1,$X15) -> 44 | Y16: =IF(MOD($U16,4)=1,$Y15+1,$Y15) -> 42
K17: =IFERROR(IF(ann_paid=TRUE,IF(K16>=$L$3-1,NA(),K16+1),IF(K16>=$L$3,NA(),K16+1)),"") | L17: =IFERROR(IF($L$3=$V$5,V17,IF($L$3=$W$5,W17,IF($L$3=$X$5,X17,IF($L$3=$Y$5,Y17)))),"") -> 50 | M17: =IFERROR(IF(ISERROR(K17),NA(),(IF(PayFreq="Monthly",(IF(ISERROR(K17),NA(),IF(Rate=TRUE,AnnuityEstimator!$F$13+RAND()*(AnnuityEstimator!$F$14-AnnuityEstimator!$F$13),AnnuityEstimator!$F$17))/12),IF(PayFreq="Quarterly",(IF(ISERROR(K17),NA(),IF(Rate=TRUE,AnnuityEstimator!$F$13+RAND()*(AnnuityEstimator!$F$14-AnnuityEstimator!$F$13),AnnuityEstimator!$F$17))/4),IF(PayFreq="Semi-Annually",(IF(ISERROR(K17),NA(),IF(Rate=TRUE,AnnuityEstimator!$F$13+RAND()*(AnnuityEstimator!$F$14-AnnuityEstimator!$F$13),AnnuityEstimator!$F$17))/2),IF(PayFreq="Annually",(IF(ISERROR(K17),NA(),IF(Rate=TRUE,AnnuityEstimator!$F$13+RAND()*(AnnuityEstimator!$F$14-AnnuityEstimator!$F$13),AnnuityEstimator!$F$17))),AnnuityEstimator!$F$17)))))),"") -> 0.05053397 | N17: =IFERROR(IF(ISERROR(K17),NA(),IF(ann_paid=TRUE,R16*M17,R16*M17)),"") -> 1.8791745 | O17: =IFERROR(IF(ISERROR(K17),NA(),IF(N17>0,N17*$N$3,0)),"") -> 0.3758349 | P17: =IFERROR(IF(Rate=FALSE,IF(ISERROR(K17),NA(),FV($L$4,K17,,-FP)),PMT((1+M17)/(1+$L$4)-1,IF(ann_paid=TRUE,$L$3-K17,$L$3+1-K17),-(R16),,Payment)),"") | Q17: =IFERROR(IF(ISERROR(K17),NA(),P17-O17),"") | R17: =IFERROR(IF(ISERROR(K17),NA(),IF((R16+N17-P17)<0,-(R16+N17-P17),(R16+N17-P17))),"") | S17: =IFERROR(IF(ISERROR(K17),NA(),SUM($N$7:N17)),"") -> 1121.5594 | U17: 11 | V17: =V16+1 -> 50 | W17: =IF(MOD($U17,12)=1,$W16+1,$W16) -> 40 | X17: =IF(MOD($U17,2)=1,$X16+1,$X16) -> 45 | Y17: =IF(MOD($U17,4)=1,$Y16+1,$Y16) -> 42
K18: =IFERROR(IF(ann_paid=TRUE,IF(K17>=$L$3-1,NA(),K17+1),IF(K17>=$L$3,NA(),K17+1)),"") | L18: =IFERROR(IF($L$3=$V$5,V18,IF($L$3=$W$5,W18,IF($L$3=$X$5,X18,IF($L$3=$Y$5,Y18)))),"") -> 51 | M18: =IFERROR(IF(ISERROR(K18),NA(),(IF(PayFreq="Monthly",(IF(ISERROR(K18),NA(),IF(Rate=TRUE,AnnuityEstimator!$F$13+RAND()*(AnnuityEstimator!$F$14-AnnuityEstimator!$F$13),AnnuityEstimator!$F$17))/12),IF(PayFreq="Quarterly",(IF(ISERROR(K18),NA(),IF(Rate=TRUE,AnnuityEstimator!$F$13+RAND()*(AnnuityEstimator!$F$14-AnnuityEstimator!$F$13),AnnuityEstimator!$F$17))/4),IF(PayFreq="Semi-Annually",(IF(ISERROR(K18),NA(),IF(Rate=TRUE,AnnuityEstimator!$F$13+RAND()*(AnnuityEstimator!$F$14-AnnuityEstimator!$F$13),AnnuityEstimator!$F$17))/2),IF(PayFreq="Annually",(IF(ISERROR(K18),NA(),IF(Rate=TRUE,AnnuityEstimator!$F$13+RAND()*(AnnuityEstimator!$F$14-AnnuityEstimator!$F$13),AnnuityEstimator!$F$17))),AnnuityEstimator!$F$17)))))),"") -> 0.033032278 | N18: =IFERROR(IF(ISERROR(K18),NA(),IF(ann_paid=TRUE,R17*M18,R17*M18)),"") | O18: =IFERROR(IF(ISERROR(K18),NA(),IF(N18>0,N18*$N$3,0)),"") | P18: =IFERROR(IF(Rate=FALSE,IF(ISERROR(K18),NA(),FV($L$4,K18,,-FP)),PMT((1+M18)/(1+$L$4)-1,IF(ann_paid=TRUE,$L$3-K18,$L$3+1-K18),-(R17),,Payment)),"") | Q18: =IFERROR(IF(ISERROR(K18),NA(),P18-O18),"") | R18: =IFERROR(IF(ISERROR(K18),NA(),IF((R17+N18-P18)<0,-(R17+N18-P18),(R17+N18-P18))),"") | S18: =IFERROR(IF(ISERROR(K18),NA(),SUM($N$7:N18)),"") -> 1121.5594 | U18: 12 | V18: =V17+1 -> 51 | W18: =IF(MOD($U18,12)=1,$W17+1,$W17) -> 40 | X18: =IF(MOD($U18,2)=1,$X17+1,$X17) -> 45 | Y18: =IF(MOD($U18,4)=1,$Y17+1,$Y17) -> 42
K19: =IFERROR(IF(ann_paid=TRUE,IF(K18>=$L$3-1,NA(),K18+1),IF(K18>=$L$3,NA(),K18+1)),"") | L19: =IFERROR(IF($L$3=$V$5,V19,IF($L$3=$W$5,W19,IF($L$3=$X$5,X19,IF($L$3=$Y$5,Y19)))),"") -> 52 | M19: =IFERROR(IF(ISERROR(K19),NA(),(IF(PayFreq="Monthly",(IF(ISERROR(K19),NA(),IF(Rate=TRUE,AnnuityEstimator!$F$13+RAND()*(AnnuityEstimator!$F$14-AnnuityEstimator!$F$13),AnnuityEstimator!$F$17))/12),IF(PayFreq="Quarterly",(IF(ISERROR(K19),NA(),IF(Rate=TRUE,AnnuityEstimator!$F$13+RAND()*(AnnuityEstimator!$F$14-AnnuityEstimator!$F$13),AnnuityEstimator!$F$17))/4),IF(PayFreq="Semi-Annually",(IF(ISERROR(K19),NA(),IF(Rate=TRUE,AnnuityEstimator!$F$13+RAND()*(AnnuityEstimator!$F$14-AnnuityEstimator!$F$13),AnnuityEstimator!$F$17))/2),IF(PayFreq="Annually",(IF(ISERROR(K19),NA(),IF(Rate=TRUE,AnnuityEstimator!$F$13+RAND()*(AnnuityEstimator!$F$14-AnnuityEstimator!$F$13),AnnuityEstimator!$F$17))),AnnuityEstimator!$F$17)))))),"") -> 0.06744194 | N19: =IFERROR(IF(ISERROR(K19),NA(),IF(ann_paid=TRUE,R18*M19,R18*M19)),"") | O19: =IFERROR(IF(ISERROR(K19),NA(),IF(N19>0,N19*$N$3,0)),"") | P19: =IFERROR(IF(Rate=FALSE,IF(ISERROR(K19),NA(),FV($L$4,K19,,-FP)),PMT((1+M19)/(1+$L$4)-1,IF(ann_paid=TRUE,$L$3-K19,$L$3+1-K19),-(R18),,Payment)),"") | Q19: =IFERROR(IF(ISERROR(K19),NA(),P19-O19),"") | R19: =IFERROR(IF(ISERROR(K19),NA(),IF((R18+N19-P19)<0,-(R18+N19-P19),(R18+N19-P19))),"") | S19: =IFERROR(IF(ISERROR(K19),NA(),SUM($N$7:N19)),"") -> 1121.5594 | U19: 13 | V19: =V18+1 -> 52 | W19: =IF(MOD($U19,12)=1,$W18+1,$W18) -> 41 | X19: =IF(MOD($U19,2)=1,$X18+1,$X18) -> 46 | Y19: =IF(MOD($U19,4)=1,$Y18+1,$Y18) -> 43
K20: =IFERROR(IF(ann_paid=TRUE,IF(K19>=$L$3-1,NA(),K19+1),IF(K19>=$L$3,NA(),K19+1)),"") | L20: =IFERROR(IF($L$3=$V$5,V20,IF($L$3=$W$5,W20,IF($L$3=$X$5,X20,IF($L$3=$Y$5,Y20)))),"") -> 53 | M20: =IFERROR(IF(ISERROR(K20),NA(),(IF(PayFreq="Monthly",(IF(ISERROR(K20),NA(),IF(Rate=TRUE,AnnuityEstimator!$F$13+RAND()*(AnnuityEstimator!$F$14-AnnuityEstimator!$F$13),AnnuityEstimator!$F$17))/12),IF(PayFreq="Quarterly",(IF(ISERROR(K20),NA(),IF(Rate=TRUE,AnnuityEstimator!$F$13+RAND()*(AnnuityEstimator!$F$14-AnnuityEstimator!$F$13),AnnuityEstimator!$F$17))/4),IF(PayFreq="Semi-Annually",(IF(ISERROR(K20),NA(),IF(Rate=TRUE,AnnuityEstimator!$F$13+RAND()*(AnnuityEstimator!$F$14-AnnuityEstimator!$F$13),AnnuityEstimator!$F$17))/2),IF(PayFreq="Annually",(IF(ISERROR(K20),NA(),IF(Rate=TRUE,AnnuityEstimator!$F$13+RAND()*(AnnuityEstimator!$F$14-AnnuityEstimator!$F$13),AnnuityEstimator!$F$17))),AnnuityEstimator!$F$17)))))),"") -> 0.047130941 | N20: =IFERROR(IF(ISERROR(K20),NA(),IF(ann_paid=TRUE,R19*M20,R19*M20)),"") | O20: =IFERROR(IF(ISERROR(K20),NA(),IF(N20>0,N20*$N$3,0)),"") | P20: =IFERROR(IF(Rate=FALSE,IF(ISERROR(K20),NA(),FV($L$4,K20,,-FP)),PMT((1+M20)/(1+$L$4)-1,IF(ann_paid=TRUE,$L$3-K20,$L$3+1-K20),-(R19),,Payment)),"") | Q20: =IFERROR(IF(ISERROR(K20),NA(),P20-O20),"") | R20: =IFERROR(IF(ISERROR(K20),NA(),IF((R19+N20-P20)<0,-(R19+N20-P20),(R19+N20-P20))),"") | S20: =IFERROR(IF(ISERROR(K20),NA(),SUM($N$7:N20)),"") -> 1121.5594 | U20: 14 | V20: =V19+1 -> 53 | W20: =IF(MOD($U20,12)=1,$W19+1,$W19) -> 41 | X20: =IF(MOD($U20,2)=1,$X19+1,$X19) -> 46 | Y20: =IF(MOD($U20,4)=1,$Y19+1,$Y19) -> 43
K21: =IFERROR(IF(ann_paid=TRUE,IF(K20>=$L$3-1,NA(),K20+1),IF(K20>=$L$3,NA(),K20+1)),"") | L21: =IFERROR(IF($L$3=$V$5,V21,IF($L$3=$W$5,W21,IF($L$3=$X$5,X21,IF($L$3=$Y$5,Y21)))),"") -> 54 | M21: =IFERROR(IF(ISERROR(K21),NA(),(IF(PayFreq="Monthly",(IF(ISERROR(K21),NA(),IF(Rate=TRUE,AnnuityEstimator!$F$13+RAND()*(AnnuityEstimator!$F$14-AnnuityEstimator!$F$13),AnnuityEstimator!$F$17))/12),IF(PayFreq="Quarterly",(IF(ISERROR(K21),NA(),IF(Rate=TRUE,AnnuityEstimator!$F$13+RAND()*(AnnuityEstimator!$F$14-AnnuityEstimator!$F$13),AnnuityEstimator!$F$17))/4),IF(PayFreq="Semi-Annually",(IF(ISERROR(K21),NA(),IF(Rate=TRUE,AnnuityEstimator!$F$13+RAND()*(AnnuityEstimator!$F$14-AnnuityEstimator!$F$13),AnnuityEstimator!$F$17))/2),IF(PayFreq="Annually",(IF(ISERROR(K21),NA(),IF(Rate=TRUE,AnnuityEstimator!$F$13+RAND()*(AnnuityEstimator!$F$14-AnnuityEstimator!$F$13),AnnuityEstimator!$F$17))),AnnuityEstimator!$F$17)))))),"") -> 0.046537295 | N21: =IFERROR(IF(ISERROR(K21),NA(),IF(ann_paid=TRUE,R20*M21,R20*M21)),"") | O21: =IFERROR(IF(ISERROR(K21),NA(),IF(N21>0,N21*$N$3,0)),"") | P21: =IFERROR(IF(Rate=FALSE,IF(ISERROR(K21),NA(),FV($L$4,K21,,-FP)),PMT((1+M21)/(1+$L$4)-1,IF(ann_paid=TRUE,$L$3-K21,$L$3+1-K21),-(R20),,Payment)),"") | Q21: =IFERROR(IF(ISERROR(K21),NA(),P21-O21),"") | R21: =IFERROR(IF(ISERROR(K21),NA(),IF((R20+N21-P21)<0,-(R20+N21-P21),(R20+N21-P21))),"") | S21: =IFERROR(IF(ISERROR(K21),NA(),SUM($N$7:N21)),"") -> 1121.5594 | U21: 15 | V21: =V20+1 -> 54 | W21: =IF(MOD($U21,12)=1,$W20+1,$W20) -> 41 | X21: =IF(MOD($U21,2)=1,$X20+1,$X20) -> 47 | Y21: =IF(MOD($U21,4)=1,$Y20+1,$Y20) -> 43
K22: =IFERROR(IF(ann_paid=TRUE,IF(K21>=$L$3-1,NA(),K21+1),IF(K21>=$L$3,NA(),K21+1)),"") | L22: =IFERROR(IF($L$3=$V$5,V22,IF($L$3=$W$5,W22,IF($L$3=$X$5,X22,IF($L$3=$Y$5,Y22)))),"") -> 55 | M22: =IFERROR(IF(ISERROR(K22),NA(),(IF(PayFreq="Monthly",(IF(ISERROR(K22),NA(),IF(Rate=TRUE,AnnuityEstimator!$F$13+RAND()*(AnnuityEstimator!$F$14-AnnuityEstimator!$F$13),AnnuityEstimator!$F$17))/12),IF(PayFreq="Quarterly",(IF(ISERROR(K22),NA(),IF(Rate=TRUE,AnnuityEstimator!$F$13+RAND()*(AnnuityEstimator!$F$14-AnnuityEstimator!$F$13),AnnuityEstimator!$F$17))/4),IF(PayFreq="Semi-Annually",(IF(ISERROR(K22),NA(),IF(Rate=TRUE,AnnuityEstimator!$F$13+RAND()*(AnnuityEstimator!$F$14-AnnuityEstimator!$F$13),AnnuityEstimator!$F$17))/2),IF(PayFreq="Annually",(IF(ISERROR(K22),NA(),IF(Rate=TRUE,AnnuityEstimator!$F$13+RAND()*(AnnuityEstimator!$F$14-AnnuityEstimator!$F$13),AnnuityEstimator!$F$17))),AnnuityEstimator!$F$17)))))),"") -> 0.067911482 | N22: =IFERROR(IF(ISERROR(K22),NA(),IF(ann_paid=TRUE,R21*M22,R21*M22)),"") | O22: =IFERROR(IF(ISERROR(K22),NA(),IF(N22>0,N22*$N$3,0)),"") | P22: =IFERROR(IF(Rate=FALSE,IF(ISERROR(K22),NA(),FV($L$4,K22,,-FP)),PMT((1+M22)/(1+$L$4)-1,IF(ann_paid=TRUE,$L$3-K22,$L$3+1-K22),-(R21),,Payment)),"") | Q22: =IFERROR(IF(ISERROR(K22),NA(),P22-O22),"") | R22: =IFERROR(IF(ISERROR(K22),NA(),IF((R21+N22-P22)<0,-(R21+N22-P22),(R21+N22-P22))),"") | S22: =IFERROR(IF(ISERROR(K22),NA(),SUM($N$7:N22)),"") -> 1121.5594 | U22: 16 | V22: =V21+1 -> 55 | W22: =IF(MOD($U22,12)=1,$W21+1,$W21) -> 41 | X22: =IF(MOD($U22,2)=1,$X21+1,$X21) -> 47 | Y22: =IF(MOD($U22,4)=1,$Y21+1,$Y21) -> 43
K23: =IFERROR(IF(ann_paid=TRUE,IF(K22>=$L$3-1,NA(),K22+1),IF(K22>=$L$3,NA(),K22+1)),"") | L23: =IFERROR(IF($L$3=$V$5,V23,IF($L$3=$W$5,W23,IF($L$3=$X$5,X23,IF($L$3=$Y$5,Y23)))),"") -> 56 | M23: =IFERROR(IF(ISERROR(K23),NA(),(IF(PayFreq="Monthly",(IF(ISERROR(K23),NA(),IF(Rate=TRUE,AnnuityEstimator!$F$13+RAND()*(AnnuityEstimator!$F$14-AnnuityEstimator!$F$13),AnnuityEstimator!$F$17))/12),IF(PayFreq="Quarterly",(IF(ISERROR(K23),NA(),IF(Rate=TRUE,AnnuityEstimator!$F$13+RAND()*(AnnuityEstimator!$F$14-AnnuityEstimator!$F$13),AnnuityEstimator!$F$17))/4),IF(PayFreq="Semi-Annually",(IF(ISERROR(K23),NA(),IF(Rate=TRUE,AnnuityEstimator!$F$13+RAND()*(AnnuityEstimator!$F$14-AnnuityEstimator!$F$13),AnnuityEstimator!$F$17))/2),IF(PayFreq="Annually",(IF(ISERROR(K23),NA(),IF(Rate=TRUE,AnnuityEstimator!$F$13+RAND()*(AnnuityEstimator!$F$14-AnnuityEstimator!$F$13),AnnuityEstimator!$F$17))),AnnuityEstimator!$F$17)))))),"") -> 0.058684803 | N23: =IFERROR(IF(ISERROR(K23),NA(),IF(ann_paid=TRUE,R22*M23,R22*M23)),"") | O23: =IFERROR(IF(ISERROR(K23),NA(),IF(N23>0,N23*$N$3,0)),"") | P23: =IFERROR(IF(Rate=FALSE,IF(ISERROR(K23),NA(),FV($L$4,K23,,-FP)),PMT((1+M23)/(1+$L$4)-1,IF(ann_paid=TRUE,$L$3-K23,$L$3+1-K23),-(R22),,Payment)),"") | Q23: =IFERROR(IF(ISERROR(K23),NA(),P23-O23),"") | R23: =IFERROR(IF(ISERROR(K23),NA(),IF((R22+N23-P23)<0,-(R22+N23-P23),(R22+N23-P23))),"") | S23: =IFERROR(IF(ISERROR(K23),NA(),SUM($N$7:N23)),"") -> 1121.5594 | U23: 17 | V23: =V22+1 -> 56 | W23: =IF(MOD($U23,12)=1,$W22+1,$W22) -> 41 | X23: =IF(MOD($U23,2)=1,$X22+1,$X22) -> 48 | Y23: =IF(MOD($U23,4)=1,$Y22+1,$Y22) -> 44
K24: =IFERROR(IF(ann_paid=TRUE,IF(K23>=$L$3-1,NA(),K23+1),IF(K23>=$L$3,NA(),K23+1)),"") | L24: =IFERROR(IF($L$3=$V$5,V24,IF($L$3=$W$5,W24,IF($L$3=$X$5,X24,IF($L$3=$Y$5,Y24)))),"") -> 57 | M24: =IFERROR(IF(ISERROR(K24),NA(),(IF(PayFreq="Monthly",(IF(ISERROR(K24),NA(),IF(Rate=TRUE,AnnuityEstimator!$F$13+RAND()*(AnnuityEstimator!$F$14-AnnuityEstimator!$F$13),AnnuityEstimator!$F$17))/12),IF(PayFreq="Quarterly",(IF(ISERROR(K24),NA(),IF(Rate=TRUE,AnnuityEstimator!$F$13+RAND()*(AnnuityEstimator!$F$14-AnnuityEstimator!$F$13),AnnuityEstimator!$F$17))/4),IF(PayFreq="Semi-Annually",(IF(ISERROR(K24),NA(),IF(Rate=TRUE,AnnuityEstimator!$F$13+RAND()*(AnnuityEstimator!$F$14-AnnuityEstimator!$F$13),AnnuityEstimator!$F$17))/2),IF(PayFreq="Annually",(IF(ISERROR(K24),NA(),IF(Rate=TRUE,AnnuityEstimator!$F$13+RAND()*(AnnuityEstimator!$F$14-AnnuityEstimator!$F$13),AnnuityEstimator!$F$17))),AnnuityEstimator!$F$17)))))),"") -> 0.052866498 | N24: =IFERROR(IF(ISERROR(K24),NA(),IF(ann_paid=TRUE,R23*M24,R23*M24)),"") | O24: =IFERROR(IF(ISERROR(K24),NA(),IF(N24>0,N24*$N$3,0)),"") | P24: =IFERROR(IF(Rate=FALSE,IF(ISERROR(K24),NA(),FV($L$4,K24,,-FP)),PMT((1+M24)/(1+$L$4)-1,IF(ann_paid=TRUE,$L$3-K24,$L$3+1-K24),-(R23),,Payment)),"") | Q24: =IFERROR(IF(ISERROR(K24),NA(),P24-O24),"") | R24: =IFERROR(IF(ISERROR(K24),NA(),IF((R23+N24-P24)<0,-(R23+N24-P24),(R23+N24-P24))),"") | S24: =IFERROR(IF(ISERROR(K24),NA(),SUM($N$7:N24)),"") -> 1121.5594 | U24: 18 | V24: =V23+1 -> 57 | W24: =IF(MOD($U24,12)=1,$W23+1,$W23) -> 41 | X24: =IF(MOD($U24,2)=1,$X23+1,$X23) -> 48 | Y24: =IF(MOD($U24,4)=1,$Y23+1,$Y23) -> 44
... K488: =IFERROR(IF(ann_paid=TRUE,IF(K487>=$L$3-1,NA(),K487+1),IF(K487>=$L$3,NA(),K487+1)),"") | L488: =IFERROR(IF($L$3=$V$5,V488,IF($L$3=$W$5,W488,IF($L$3=$X$5,X488,IF($L$3=$Y$5,Y488)))),"") -> 521 | M488: =IFERROR(IF(ISERROR(K488),NA(),(IF(PayFreq="Monthly",(IF(ISERROR(K488),NA(),IF(Rate=TRUE,AnnuityEstimator!$F$13+RAND()*(AnnuityEstimator!$F$14-AnnuityEstimator!$F$13),AnnuityEstimator!$F$17))/12),IF(PayFreq="Quarterly",(IF(ISERROR(K488),NA(),IF(Rate=TRUE,AnnuityEstimator!$F$13+RAND()*(AnnuityEstimator!$F$14-AnnuityEstimator!$F$13),AnnuityEstimator!$F$17))/4),IF(PayFreq="Semi-Annually",(IF(ISERROR(K488),NA(),IF(Rate=TRUE,AnnuityEstimator!$F$13+RAND()*(AnnuityEstimator!$F$14-AnnuityEstimator!$F$13),AnnuityEstimator!$F$17))/2),IF(PayFreq="Annually",(IF(ISERROR(K488),NA(),IF(Rate=TRUE,AnnuityEstimator!$F$13+RAND()*(AnnuityEstimator!$F$14-AnnuityEstimator!$F$13),AnnuityEstimator!$F$17))),AnnuityEstimator!$F$17)))))),"") -> 0.047927582 | N488: =IFERROR(IF(ISERROR(K488),NA(),IF(ann_paid=TRUE,R487*M488,R487*M488)),"") | O488: =IFERROR(IF(ISERROR(K488),NA(),IF(N488>0,N488*$N$3,0)),"") | P488: =IFERROR(IF(Rate=FALSE,IF(ISERROR(K488),NA(),FV($L$4,K488,,-FP)),PMT((1+M488)/(1+$L$4)-1,IF(ann_paid=TRUE,$L$3-K488,$L$3+1-K488),-(R487),,Payment)),"") | Q488: =IFERROR(IF(ISERROR(K488),NA(),P488-O488),"") | R488: =IFERROR(IF(ISERROR(K488),NA(),IF((R487+N488-P488)<0,-(R487+N488-P488),(R487+N488-P488))),"") | S488: =IFERROR(IF(ISERROR(K488),NA(),SUM($N$7:N488)),"") -> 1121.5594 | U488: 482 | V488: =V487+1 -> 521 | W488: =IF(MOD($U488,12)=1,$W487+1,$W487) -> 80 | X488: =IF(MOD($U488,2)=1,$X487+1,$X487) -> 280 | Y488: =IF(MOD($U488,4)=1,$Y487+1,$Y487) -> 160
